| TOP OF THE 1ST |
|
Elizabethton Twins batting - Pitching for Burlington Royals : RHP Mike Tuck
|
|
Pitching: RHP Mike Tuck
|
|
|
Batting: RHB Andrew Nicol
|
0-0: Ball 1-0: Ball 2-0: Ball 3-0: Called Strike 3-1: Foul Ball, location: 2F 3-2: SINGLE (Line Drive, 89S, EV 90.0 MPH)
|
|
Batting: LHB David Campbell
|
0-0: Called Strike 0-1: Ball 1-1: Called Strike 1-2: Ball 2-2: Ball 3-2: Strikes out swinging Andrew Nicol is caught stealing 2nd base 2-6 Batter strikes out.
|
|
Batting: SHB Dan Morataya
|
0-0: Ball 1-0: Ball 2-0: Hit by Pitch
|
|
Batting: RHB Nick Phipps
|
0-0: Ball 1-0: Foul Ball, location: 2F 1-1: Ball 2-1: Ball Dan Morataya steals 2nd base 3-1: Base on Balls
|
|
Batting: RHB Jose Gracia
|
0-0: Fly out, F3 (Line Drive, 3, EV 70.0 MPH)
|
| Top of the 1st over - 0 runs, 1 hit, 0 errors, 2 left on base; Elizabethton 0 - Burlington 0 |
| BOTTOM OF THE 1ST |
|
Burlington Royals batting - Pitching for Elizabethton Twins : RHP Andrew Rich
|
|
Pitching: RHP Andrew Rich
|
|
|
Batting: LHB Ernesto Abreu
|
0-0: Ball 1-0: Ball 2-0: Foul Ball, location: 2F 2-1: Foul Ball, location: 2F 2-2: Foul Ball, location: 2F 2-2: Hit by Pitch
|
|
Batting: RHB Tim Persson
|
0-0: SINGLE (Flyball, 89S, EV 83.8 MPH) Ernesto Abreu to second Runner from 2nd tries for 3rd, SAFE, throw by CF made to third
|
|
Batting: SHB Manny Berrones
|
0-0: Ball 1-0: Ball 2-0: Called Strike 2-1: Foul Ball, location: 2F 2-2: Ball 3-2: Fly out, F8 (Flyball, 8LD, EV 101.3 MPH) Runner from 3rd tags up, SCORES, throw by CF
|
|
Batting: SHB Danny Ballenger
|
0-0: Ball 1-0: Reached on error, E4 (Groundball, 4D, EV 99.4 MPH) Tim Persson to second
|
|
Batting: LHB Bobby Gonzalez
|
0-0: Fly out, F7 (Flyball, 7LS, EV 98.1 MPH)
|
|
Batting: SHB Marcos Cortez
|
0-0: Ground out 3-1 (Groundball, 34S, EV 66.3 MPH)
|
| Bottom of the 1st over - 1 run, 1 hit, 1 error, 2 left on base; Elizabethton 0 - Burlington 1 |
| TOP OF THE 2ND |
|
Elizabethton Twins batting - Pitching for Burlington Royals : RHP Mike Tuck
|
|
Batting: RHB Jimmy Mayville
|
0-0: Called Strike 0-1: DOUBLE (Line Drive, 9LS, EV 103.1 MPH)
|
|
Batting: RHB Alex Belton
|
0-0: Ball 1-0: Foul Ball, location: 2F 1-1: Ground out 6-3 (Groundball, 6, EV 76.9 MPH)
|
|
Batting: LHB Jose Cotto
|
0-0: Fly out, F9 (Line Drive, 9, EV 90.6 MPH)
|
|
Batting: RHB Miguel Castella
|
0-0: Called Strike 0-1: Ball 1-1: Ball 2-1: Ball 3-1: Foul Ball, location: 2F 3-2: Foul Ball, location: 2F 3-2: Strikes out swinging
|
| Top of the 2nd over - 0 runs, 1 hit, 0 errors, 1 left on base; Elizabethton 0 - Burlington 1 |
| BOTTOM OF THE 2ND |
|
Burlington Royals batting - Pitching for Elizabethton Twins : RHP Andrew Rich
|
|
Batting: RHB Rob Ward
|
0-0: Called Strike 0-1: Ball 1-1: Swinging Strike 1-2: Ball 2-2: Strikes out swinging
|
|
Pitching: RHP Jon Hice
|
|
|
Batting: RHB Shane Bruce
|
0-0: SINGLE (Line Drive, 56D, EV 96.3 MPH)
|
|
Batting: RHB Steve Ryals
|
0-0: Bunted foul 0-1: Sac Bunt to P - play at first, batter OUT! 1-4 Shane Bruce to second
|
|
Batting: LHB Ernesto Abreu
|
0-0: Foul Ball, location: 2F 0-1: Ball 1-1: Ball 2-1: Ball 3-1: Base on Balls
|
|
Batting: RHB Tim Persson
|
0-0: Called Strike 0-1: Hit by Pitch Shane Bruce to third Ernesto Abreu to second
|
|
Batting: SHB Manny Berrones
|
0-0: Called Strike 0-1: Swinging Strike 0-2: Strikes out swinging
|
| Bottom of the 2nd over - 0 runs, 1 hit, 0 errors, 3 left on base; Elizabethton 0 - Burlington 1 |
| TOP OF THE 3RD |
|
Elizabethton Twins batting - Pitching for Burlington Royals : RHP Mike Tuck
|
|
Batting: RHB Andrew Nicol
|
0-0: Called Strike 0-1: Foul Ball, location: 2F 0-2: Hit by Pitch
|
|
Batting: LHB David Campbell
|
0-0: Ball 1-0: Swinging Strike 1-1: Foul Ball, location: 2F 1-2: Strikes out swinging
|
|
Batting: SHB Dan Morataya
|
0-0: Ball Andrew Nicol steals 2nd base 1-0: Ball 2-0: Ball 3-0: Base on Balls
|
|
Batting: RHB Nick Phipps
|
0-0: Swinging Strike Passed Ball! Andrew Nicol to third Dan Morataya to second 0-1: Foul Ball, location: 2F 0-2: Foul Ball, location: 2F 0-2: Foul Ball, location: 2F 0-2: Foul Ball, location: 2F 0-2: Strikes out looking
|
|
Batting: RHB Jose Gracia
|
0-0: Foul Ball, location: 2F 0-1: Foul Ball, location: 2F 0-2: Ball 1-2: SINGLE (Groundball, 6M, EV 101.9 MPH) Andrew Nicol scores Dan Morataya to third Runner from 3rd tries for Home, SAFE, throw by CF to home
|
|
Batting: RHB Jimmy Mayville
|
0-0: Ball 1-0: Foul Ball, location: 2F 1-1: Ball 2-1: Ball 3-1: Foul Ball, location: 2F 3-2: Strikes out swinging
|
| Top of the 3rd over - 2 runs, 1 hit, 0 errors, 1 left on base; Elizabethton 2 - Burlington 1 |
| BOTTOM OF THE 3RD |
|
Burlington Royals batting - Pitching for Elizabethton Twins : RHP Jon Hice
|
|
Batting: SHB Danny Ballenger
|
0-0: Swinging Strike 0-1: Swinging Strike 0-2: Strikes out swinging
|
|
Batting: LHB Bobby Gonzalez
|
0-0: Ball 1-0: Swinging Strike 1-1: Called Strike 1-2: Ball 2-2: Foul Ball, location: 2F 2-2: Ball 3-2: Base on Balls
|
|
Pitching: RHP Bud Puffer
|
|
|
Batting: SHB Marcos Cortez
|
0-0: Ball 1-0: Called Strike 1-1: Ball 2-1: Ball 3-1: Swinging Strike 3-2: Fly out, F8 (Flyball, 78M, EV 85.6 MPH)
|
|
Batting: RHB Rob Ward
|
0-0: Ball 1-0: Called Strike Bobby Gonzalez is caught stealing 2nd base 2-4
|
| Bottom of the 3rd over - 0 runs, 0 hits, 0 errors, 0 left on base; Elizabethton 2 - Burlington 1 |
| TOP OF THE 4TH |
|
Elizabethton Twins batting - Pitching for Burlington Royals : RHP Mike Tuck
|
|
Batting: RHB Alex Belton
|
0-0: Called Strike 0-1: Ball 1-1: Called Strike 1-2: Strikes out looking
|
|
Batting: LHB Jose Cotto
|
0-0: Swinging Strike 0-1: Ball 1-1: Ball 2-1: Ball 3-1: Base on Balls
|
|
Batting: RHB Miguel Castella
|
0-0: Ball 1-0: Foul Ball, location: 2F 1-1: Foul Ball, location: 2F 1-2: Fly out, F6 (Line Drive, 6, EV 63.1 MPH)
|
|
Batting: RHB Andrew Nicol
|
0-0: Called Strike 0-1: Ball 1-1: Foul Ball, location: 2F 1-2: Ball 2-2: Ball 3-2: Foul Ball, location: 2F 3-2: Fly out, F4 (Popup, 4M, EV 55.6 MPH)
|
| Top of the 4th over - 0 runs, 0 hits, 0 errors, 1 left on base; Elizabethton 2 - Burlington 1 |
| BOTTOM OF THE 4TH |
|
Burlington Royals batting - Pitching for Elizabethton Twins : RHP Bud Puffer
|
|
Batting: RHB Rob Ward
|
0-0: Called Strike 0-1: Ball 1-1: Swinging Strike 1-2: Foul Ball, location: 2F 1-2: Ball 2-2: SINGLE (Groundball, 5D, EV 101.9 MPH)
|
|
Batting: RHB Shane Bruce
|
0-0: Ball 1-0: Ball 2-0: Foul Ball, location: 2F 2-1: Foul Ball, location: 2F 2-2: Strikes out swinging
|
|
Batting: RHB Steve Ryals
|
0-0: Ball 1-0: Bunt missed! 1-1: Bunted foul 1-2: Bunted foul, Strikeout!
|
|
Batting: LHB Ernesto Abreu
|
0-0: Fly out, F6 (Flyball, 6MD, EV 81.3 MPH)
|
| Bottom of the 4th over - 0 runs, 1 hit, 0 errors, 1 left on base; Elizabethton 2 - Burlington 1 |
| TOP OF THE 5TH |
|
Elizabethton Twins batting - Pitching for Burlington Royals : RHP Mike Tuck
|
|
Batting: LHB David Campbell
|
0-0: Ball 1-0: Fly out, F7 (Flyball, 7, EV 78.1 MPH)
|
|
Batting: SHB Dan Morataya
|
0-0: Ball 1-0: Called Strike 1-1: Ball 2-1: Swinging Strike 2-2: Foul Ball, location: 2F 2-2: Strikes out swinging
|
|
Batting: RHB Nick Phipps
|
0-0: Ball 1-0: Called Strike 1-1: Swinging Strike 1-2: Foul Ball, location: 2F 1-2: Ball 2-2: Ball 3-2: Strikes out swinging
|
| Top of the 5th over - 0 runs, 0 hits, 0 errors, 0 left on base; Elizabethton 2 - Burlington 1 |
| BOTTOM OF THE 5TH |
|
Burlington Royals batting - Pitching for Elizabethton Twins : RHP Bud Puffer
|
|
Batting: RHB Tim Persson
|
0-0: Called Strike 0-1: Ball 1-1: Called Strike 1-2: Ball 2-2: Strikes out swinging
|
|
Batting: SHB Manny Berrones
|
0-0: Ball 1-0: Ball 2-0: Ball 3-0: Foul Ball, location: 2F 3-1: Base on Balls
|
|
Batting: SHB Danny Ballenger
|
0-0: Foul Ball, location: 2F 0-1: Foul Ball, location: 2F 0-2: Ball 1-2: Foul Ball, location: 2F 1-2: Foul Ball, location: 2F 1-2: Ball 2-2: Strikes out swinging
|
|
Batting: LHB Bobby Gonzalez
|
0-0: Ball Passed Ball! Manny Berrones to second 1-0: Ground out 4-3 (Groundball, 4D, EV 77.5 MPH)
|
| Bottom of the 5th over - 0 runs, 0 hits, 0 errors, 1 left on base; Elizabethton 2 - Burlington 1 |
| TOP OF THE 6TH |
|
Elizabethton Twins batting - Pitching for Burlington Royals : RHP Mike Tuck
|
|
Pitching: RHP Philip Terrell
|
|
|
Batting: RHB Jose Gracia
|
0-0: Called Strike 0-1: Ground out 5-3 (Groundball, 5, EV 107.5 MPH)
|
|
Batting: RHB Jimmy Mayville
|
0-0: SINGLE (Flyball, 56D, EV 89.4 MPH)
|
|
Batting: RHB Alex Belton
|
0-0: Called Strike 0-1: Ball 1-1: Ball 2-1: SINGLE (Groundball, 34S, EV 98.8 MPH) Jimmy Mayville to second Runner from 2nd tries for 3rd, SAFE, throw by RF made to third Alex Belton to second
|
|
Batting: LHB Jose Cotto
|
0-0: Called Strike 0-1: Called Strike 0-2: Ball 1-2: Strikes out swinging
|
|
Batting: RHB Miguel Castella
|
0-0: Ball 1-0: Swinging Strike 1-1: Foul Ball, location: 2F 1-2: Ball 2-2: Strikes out swinging
|
| Top of the 6th over - 0 runs, 2 hits, 0 errors, 2 left on base; Elizabethton 2 - Burlington 1 |
| BOTTOM OF THE 6TH |
|
Burlington Royals batting - Pitching for Elizabethton Twins : RHP Bud Puffer
|
|
Batting: SHB Marcos Cortez
|
0-0: Ground out 4-3 (Groundball, 4, EV 84.4 MPH)
|
|
Batting: RHB Rob Ward
|
0-0: Called Strike 0-1: SINGLE (Groundball, 6D, EV 108.1 MPH)
|
|
Batting: RHB Shane Bruce
|
0-0: Ball 1-0: Ball 2-0: Ball 3-0: Base on Balls Rob Ward to second
|
|
Batting: RHB Steve Ryals
|
0-0: Bunt missed! 0-1: Bunted foul 0-2: Sac Bunt to 2R - play at first, batter OUT! 2-4 Rob Ward to third Shane Bruce to second
|
|
Batting: LHB Ernesto Abreu
|
0-0: Called Strike 0-1: Ball 1-1: Swinging Strike 1-2: Fly out, F7 (Line Drive, 7S, EV 98.1 MPH)
|
| Bottom of the 6th over - 0 runs, 1 hit, 0 errors, 2 left on base; Elizabethton 2 - Burlington 1 |
| TOP OF THE 7TH |
|
Elizabethton Twins batting - Pitching for Burlington Royals : RHP Philip Terrell
|
|
Batting: RHB Andrew Nicol
|
0-0: Ball 1-0: Swinging Strike 1-1: Ball 2-1: Swinging Strike 2-2: Foul Ball, location: 2F 2-2: Ball 3-2: Fly out, F9 (Flyball, 89XD, EV 89.4 MPH)
|
|
Batting: LHB David Campbell
|
0-0: SINGLE (Flyball, 9LS, EV 95.0 MPH)
|
|
Batting: SHB Dan Morataya
|
0-0: Ball 1-0: Foul Ball, location: 2F 1-1: Swinging Strike 1-2: Ball 2-2: Foul Ball, location: 2F 2-2: Foul Ball, location: 2F 2-2: Strikes out looking
|
|
Batting: RHB Nick Phipps
|
0-0: Ball 1-0: Foul Ball, location: 2F 1-1: Ball 2-1: Ball 3-1: Base on Balls David Campbell to second
|
|
Batting: RHB Jose Gracia
|
0-0: Called Strike 0-1: Foul Ball, location: 2F 0-2: Foul Ball, location: 2F 0-2: Ball 1-2: Foul Ball, location: 2F 1-2: Ground out U3 (Groundball, 23, EV 86.9 MPH)
|
| Top of the 7th over - 0 runs, 1 hit, 0 errors, 2 left on base; Elizabethton 2 - Burlington 1 |
| BOTTOM OF THE 7TH |
|
Burlington Royals batting - Pitching for Elizabethton Twins : RHP Bud Puffer
|
|
Now at 2B: Matthew Dodson
|
|
|
Now at 3B: Alex Belton
|
|
|
Batting: RHB Tim Persson
|
0-0: Ball 1-0: Ball 2-0: Called Strike 2-1: Foul Ball, location: 2F 2-2: Foul Ball, location: 2F 2-2: Foul Ball, location: 2F 2-2: Ball 3-2: Foul Ball, location: 2F 3-2: Foul Ball, location: 2F 3-2: Base on Balls
|
|
Pitching: RHP John Giffin
|
|
|
Batting: SHB Manny Berrones
|
0-0: Called Strike Tim Persson steals 2nd base 0-1: Foul Ball, location: 2F 0-2: Ball 1-2: Strikes out swinging
|
|
Batting: SHB Danny Ballenger
|
0-0: Ball 1-0: Ball 2-0: Ball 3-0: Called Strike 3-1: Foul Ball, location: 2F 3-2: SINGLE (Groundball, 6MD, EV 110.0 MPH) Tim Persson to third Runner from 3rd tries for Home, SAFE, throw by CF to home Danny Ballenger to second
|
|
Batting: LHB Bobby Gonzalez
|
0-0: Ball 1-0: Ball 2-0: Ball 3-0: Base on Balls
|
|
Batting: SHB Marcos Cortez
|
0-0: Called Strike 0-1: Reached via error on a dropped throw from 2B, E6 (Groundball, 34D, EV 106.3 MPH) Danny Ballenger to third Bobby Gonzalez to second
|
|
Batting: RHB Rob Ward
|
0-0: Foul Ball, location: 2F 0-1: SINGLE (Groundball, 6, EV 97.5 MPH) (infield hit) Danny Ballenger scores Bobby Gonzalez to third Marcos Cortez to second
|
|
Batting: RHB Shane Bruce
|
0-0: Ball 1-0: Grounds into fielders choice 4-2 (Groundball, 6, EV 83.8 MPH) Marcos Cortez to third Rob Ward to second
|
|
Batting: RHB Steve Ryals
|
0-0: Ball 1-0: Called Strike 1-1: Fly out, F4 (Popup, 4M, EV 80.0 MPH)
|
| Bottom of the 7th over - 2 runs, 2 hits, 1 error, 3 left on base; Elizabethton 2 - Burlington 3 |
| TOP OF THE 8TH |
|
Elizabethton Twins batting - Pitching for Burlington Royals : RHP Philip Terrell
|
|
Pitching: RHP Junsuke Abe
|
|
|
Batting: RHB Jimmy Mayville
|
0-0: Ball 1-0: Ball 2-0: Foul Ball, location: 2F 2-1: Reached on error, E6 (Groundball, 6, EV 109.4 MPH)
|
|
Batting: RHB Alex Belton
|
0-0: Ball 1-0: Fielders Choice at 2nd, 6-4 (Groundball, 6, EV 78.1 MPH)
|
|
Batting: LHB Jose Cotto
|
0-0: Ball 1-0: Foul Ball, location: 2F 1-1: Ball 2-1: Swinging Strike 2-2: Foul Ball, location: 2F 2-2: Ball 3-2: SINGLE (Flyball, 3D, EV 95.6 MPH) Alex Belton to second
|
|
Pinch Hitting: SHB Chris Hull
|
0-0: Called Strike 0-1: Foul Ball, location: 2F 0-2: Ball 1-2: Ball 2-2: Fielders Choice at 2nd, 4-6 (Groundball, 4, EV 107.5 MPH) Alex Belton to third
|
|
Pinch Hitting: LHB Diego Gutierres
|
0-0: Ball 1-0: Swinging Strike 1-1: Called Strike 1-2: Ball 2-2: DOUBLE (Groundball, 3L, EV 103.1 MPH) Alex Belton scores Chris Hull to third Runner from 3rd tries for Home, SAFE, no throw by RF
|
|
Batting: LHB David Campbell
|
0-0: Ball 1-0: Foul Ball, location: 2F 1-1: Ball 2-1: Ball 3-1: SINGLE (Flyball, 34D, EV 91.9 MPH) Diego Gutierres to third
|
|
Batting: SHB Dan Morataya
|
0-0: Ball 1-0: Swinging Strike 1-1: Ball 2-1: Ball 3-1: Foul Ball, location: 2F 3-2: Strikes out looking
|
| Top of the 8th over - 2 runs, 3 hits, 1 error, 2 left on base; Elizabethton 4 - Burlington 3 |
| BOTTOM OF THE 8TH |
|
Burlington Royals batting - Pitching for Elizabethton Twins : RHP John Giffin
|
|
Now at C: Keith Nix
|
|
|
Now at 2B: Alex Belton
|
|
|
Now at 3B: Ryan Hawkins
|
|
|
Batting: LHB Ernesto Abreu
|
0-0: Foul Ball, location: 2F 0-1: Ball 1-1: Ball 2-1: Ball 3-1: Called Strike 3-2: SINGLE (Groundball, 4MD, EV 94.4 MPH)
|
|
Batting: RHB Tim Persson
|
0-0: Called Strike 0-1: Ball 1-1: Fly out, F9 (Flyball, 89D, EV 108.1 MPH)
|
|
Batting: SHB Manny Berrones
|
0-0: Fly out, F9 (Line Drive, 9, EV 105.0 MPH)
|
|
Batting: SHB Danny Ballenger
|
0-0: Ball 1-0: Ball 2-0: Ground out U3 (Groundball, 3, EV 105.6 MPH)
|
| Bottom of the 8th over - 0 runs, 1 hit, 0 errors, 1 left on base; Elizabethton 4 - Burlington 3 |
| TOP OF THE 9TH |
|
Elizabethton Twins batting - Pitching for Burlington Royals : RHP Junsuke Abe
|
|
Pitching: RHP Neil Drain
|
|
|
Batting: RHB Nick Phipps
|
0-0: Ball 1-0: Called Strike 1-1: Swinging Strike 1-2: Ball 2-2: Ball 3-2: Fly out, F7 (Line Drive, 7, EV 95.6 MPH)
|
|
Batting: RHB Jose Gracia
|
0-0: Called Strike 0-1: Swinging Strike 0-2: Foul Ball, location: 2F 0-2: Ball 1-2: Ball 2-2: Strikes out swinging
|
|
Batting: RHB Jimmy Mayville
|
0-0: Called Strike 0-1: Ground out 4-3 (Groundball, 4, EV 90.6 MPH)
|
| Top of the 9th over - 0 runs, 0 hits, 0 errors, 0 left on base; Elizabethton 4 - Burlington 3 |
| BOTTOM OF THE 9TH |
|
Burlington Royals batting - Pitching for Elizabethton Twins : RHP John Giffin
|
|
Batting: LHB Bobby Gonzalez
|
0-0: Called Strike 0-1: Foul Ball, location: 2F 0-2: Ball 1-2: Fly out, F4 (Flyball, 3D, EV 78.1 MPH)
|
|
Batting: SHB Marcos Cortez
|
0-0: Ball 1-0: Called Strike 1-1: Ball 2-1: Ball 3-1: Fly out, F2 (Popup, 2RF, EV 96.3 MPH)
|
|
Batting: RHB Rob Ward
|
0-0: Ball 1-0: Called Strike 1-1: SINGLE (Groundball, 34D, EV 104.4 MPH)
|
|
Batting: RHB Shane Bruce
|
0-0: Ball 1-0: Ball 2-0: Called Strike 2-1: Foul Ball, location: 2F 2-2: Ball 3-2: 2-RUN HOME RUN (Flyball, 7D, EV 95.0 MPH), Distance : 363 ft
|
| Bottom of the 9th over - 2 runs, 2 hits, 0 errors, 0 left on base; Elizabethton 4 - Burlington 5 |
| |
|
Game Over ... Burlington defeats Elizabethton, 5 to 4
|
|
|